 Dungeon Crawl Stone Soup version 0.18.1-48-g4cf74bf (webtiles) character file.

194634 dearth the Warrior (level 18, -9/176 HPs)
             Began as a Minotaur Fighter on Aug 7, 2016.
             Was the Champion of Okawaru.
             Mangled by a deep elf blademaster
             ... wielding a +0 short sword
              (11 damage)
             ... on level 3 of the Elven Halls on Aug 8, 2016.
             The game lasted 03:11:05 (42083 turns).

dearth the Warrior (Minotaur Fighter)              Turns: 42083, Time: 03:11:06

Health: -9/176     AC: 28    Str: 25    XL:     18   Next: 10%
Magic:  25/25      EV: 18    Int: 10    God:    Okawaru [******]
Gold:   2205       SH: 13    Dex: 14    Spells: 0 memorised, 17 levels left

rFire  + + .     SeeInvis .     y - +7 eveningstar (elec)
rCold  + + .     Gourm    .     a - +7 Kryia's mail coat {DeviceHeal*2 rC+}
rNeg   + + .     Faith    .     N - +2 buckler
rPois  .         Spirit   .     c - +2 hat {MR+}
rElec  .         Dismiss  .     I - +1 cloak {MR+}
rCorr  .         Reflect  +     l - +0 pair of gloves {rC+}
SustAt .         Harm     .     j - +2 pair of boots {Stlth+}
MR     ++++.     Clarity  +     d - amulet of Satisfaction {Reflect Fragile rN+ Int+5 SH+3}
Stlth  +.........               X - ring of Wyin Wapt {rF+ Slay+3}
                                v - ring of positive energy

@: very slightly contaminated, hasted, very quick, incredibly resistant to
hostile enchantments, very unstealthy
A: retaliatory headbutt, horns 2, icy blue scales 1, clarity, fire resistance 1,
magic resistance 1
a: Heroism, Finesse, Renounce Religion


You were on level 3 of the Elven Halls.
You worshipped Okawaru.
Okawaru was exalted by your worship.
You were hungry.

You visited 5 branches of the dungeon, and saw 29 of its levels.
You also visited: Labyrinth, Sewer, Ice Cave and Volcano.

You collected 3620 gold pieces.
You spent 1415 gold pieces at shops.

Inventory:

Hand Weapons
 y - a +7 eveningstar of electrocution (weapon)
 K - the +11 great mace of the Extremes {venom, rF+ MP-9 Str+3}
   (Okawaru gifted it to you on level 3 of the Elven Halls)

   It poisons the flesh of those it strikes.
   It affects your strength (+3).
   It protects you from fire.
   It affects your magic capacity (-9).
 Y - the +7 longbow "Piercer" {penet, EV-2}
   (You found it in a labyrinth)

   Ammo fired by it will pass through the targets it hits, potentially hitting
   all targets in its path until it reaches maximum range.
   It affects your evasion (-2).
Armour
 a - the +7 Kryia's mail coat (worn) {DeviceHeal*2 rC+}
   (Okawaru gifted it to you on level 14 of the Dungeon)

   It protects you from cold.
 c - a +2 hat of magic resistance (worn)
 j - a +2 pair of boots of stealth (worn)
 l - a +0 pair of gloves of cold resistance (worn)
 G - the +1 scale mail of Impatience {+Blink rPois}
   (You found it on level 3 of the Elven Halls)

   It protects you from poison.
   It lets you blink.
 I - a +1 cloak of magic resistance (worn)
 N - a +2 buckler (worn)
Jewellery
 d - the amulet of Satisfaction (around neck) {Reflect Fragile rN+ Int+5 SH+3}
   (You bought it in a shop on level 7 of the Dungeon)

   [amulet of reflection]

   It shields you and reflects attacks.
   It affects your intelligence (+5).
   It protects you from negative energy.
   It will be destroyed if unequipped.
   It affects your SH (+3).
 n - a +4 ring of evasion
 q - an uncursed ring of sustain attributes
 v - a ring of positive energy (left hand)
 S - an uncursed ring of protection from magic
 X - the ring of Wyin Wapt (right hand) {rF+ Slay+3}
   (You acquired it on level 1 of the Elven Halls)

   [ring of protection from fire]

   It affects your accuracy and damage with ranged weapons and melee attacks
   (+3).
   It protects you from fire.
 Z - an uncursed ring of protection from cold
Wands
 z - a wand of iceblast (8/15)
 H - a wand of disintegration (0/24)
 J - a wand of enslavement (13/24)
 O - a wand of digging (1/24)
 Q - a wand of lightning (3/15)
 T - a wand of lightning (9/15)
 U - a wand of disintegration (8/24)
 V - a wand of acid (4/15)
Scrolls
 g - 4 scrolls of enchant armour
 h - 7 scrolls of identify
 p - 6 scrolls of teleportation
 u - 3 scrolls of fog
 w - 4 scrolls of blinking
 C - 10 scrolls of remove curse
 L - 2 scrolls of magic mapping
 P - a scroll of fear
Potions
 b - 3 potions of resistance
 e - 2 potions of cure mutation
 i - a potion of invisibility
 m - 7 potions of flight
 o - 7 potions of curing
 r - 2 potions of brilliance
 t - 3 potions of agility
 x - a potion of magic
 B - 2 potions of cancellation
 E - 3 potions of berserk rage
Miscellaneous
 M - a fan of gales
Comestibles
 f - 15 bread rations
 k - 5 fruits
 s - 6 royal jellies
 D - 19 meat rations
 F - 6 beef jerkies


   Skills:
 + Level 19.1 Fighting
 + Level 16.7 Maces & Flails
 + Level 14.9 Armour
 + Level 13.1 Dodging
 + Level 14.5 Shields
 - Level 8.0 Invocations
 + Level 10.7 Evocations


You had 17 spell levels left.
You didn't know any spells.

Dungeon Overview and Level Annotations

Branches:
Dungeon (15/15)            Temple (1/1) D:5            Lair (8/8) D:8
  Swamp (0/4) Lair:4       Spider (0/4) Lair:3        Slime (0/6) Lair:8
    Orc (2/2) D:10            Elf (3/3) Orc:2        Vaults (0/5) D:13
 Depths (0/5) D:15

Altars:
Ashenzari
Dithmenos
Elyvilon
Fedhas
Gozag
Kikubaaqudgha
Okawaru
Pakellas
Ru
Trog
Xom
Yredelemnul
The Shining One

Shops:
D:7 (=?   D:12 }   Orc:2 [!((   Elf:2 =

Portals:
Trove: D:14 (show abyssal rune of Zot)

Annotations:
Lair:8 exclusion: 4 oklob plants


Innate Abilities, Weirdness & Mutations

You reflexively headbutt those who attack you in melee.
You have a pair of horns on your head.
You are partially covered in icy blue scales (AC +1).
You possess an exceptional clarity of mind.
Your flesh is heat resistant.
You are resistant to hostile enchantments.


Message History

You miss the deep elf blademaster. You headbutt the deep elf blademaster!!
The deep elf blademaster is severely wounded.
You block the deep elf blademaster's attack.
The deep elf blademaster hits you but does no damage.
You completely miss the deep elf blademaster.
You headbutt the deep elf blademaster!
The deep elf blademaster is severely wounded.
The deep elf blademaster hits you but does no damage. x2
You completely miss the deep elf blademaster.
Your headbutt misses the deep elf blademaster.
The deep elf blademaster is severely wounded.
Drink which item? (? for menu, Esc to quit)
You feel better.
The deep elf blademaster hits you with a short sword!
* * * LOW HITPOINT WARNING * * *
You block the deep elf blademaster's attack.
You hit the deep elf blademaster.
The deep elf blademaster is severely wounded.
The deep elf blademaster hits you with a short sword!
You die...

#### ###.@##
#...e.#
#.............
#...............
.......(........
................
................
..........#...#.
.......##....#


You could see a deep elf blademaster.

Vanquished Creatures
  2 deep elf blademasters
  Roxanne (D:15)
  A fire giant (D:15)
  5 deep elf sorcerers (Elf:3)
  5 deep elf elementalists (Elf:3)
  The ghost of Galewind the Eclecticist, a journeyman DECj of Vehumet (Lair:8)
  3 deep elf annihilators (Elf:3)
  2 deep elf demonologists
  An ettin (Orc:1)
  Josephine (Orc:2)
  3 deep elf death magi
  A minotaur (Lab)
  9 deep elf high priests
  12 hydras
  2 death knights (D:15)
  Erolcha (D:12)
  3 death yaks (Lair:5)
  3 centaur warriors
  32 dancing weapons
  An orc high priest (Orc:1)
  A tengu warrior (D:14)
  22 deep elf knights
  A shadow wraith (D:13)
  Sonja (D:15)
  6 unseen horrors
  9 hill giants
  A wizard (D:13)
  5 orc knights
  10 deep elf archers
  A wolf spider zombie (D:14)
  A manticore (D:15)
  75 deep elf magi
  A necromancer (IceCv)
  A griffon (D:13)
  4 ugly things
  3 orc sorcerers
  2 wolf spiders (Lair:3)
  4 cyclopes
  A cyclops (shapeshifter) (Elf:3)
  11 elephants
  A manticore (shapeshifter) (Elf:1)
  A moth of wrath (shapeshifter) (D:14)
  4 black mambas
  An ice statue (IceCv)
  A toenail golem (Volcano)
  3 molten gargoyles (Volcano)
  Psyche (D:12)
  2 torpor snails (Lair:8)
  5 komodo dragons
  19 spiny frogs
  2 rime drakes (Lair:7)
  12 freezing wraiths
  A redback zombie (D:15)
  2 spriggan druids (Lair:8)
  A queen bee (Lair:2)
  5 trolls
  3 tengu conjurers
  10 polar bears
  4 two-headed ogres
  A boulder beetle (Lair:8)
  2 jumping spiders (Lair:3)
  17 slime creatures
  13 blink frogs
  3 water elementals
  11 spriggans
  A vampire (D:14)
  10 wraiths
  5 redbacks
  45 yaks
  6 air elementals
  2 shadows
  8 wyverns
  A centaur simulacrum (D:14)
  13 hippogriffs
  6 hungry ghosts
  2 fire bats (Volcano)
  5 fire elementals
  A basilisk (shapeshifter) (Elf:2)
  7 basilisks
  3 vampire mosquitoes (D:13)
  2 death yak simulacra (IceCv)
  6 swamp worms (Lair:4)
  6 wargs
  A mottled dragon (D:13)
  10 porcupines
  10 black bears
  10 water moccasins
  45 orc warriors
  5 sky beasts
  15 ice beasts
  A phantom (D:6)
  2 necrophages
  3 wasps (Lair:8)
  2 eyes of draining
  20 wolves
  18 centaurs
  4 ogres
  18 crocodiles
  4 big kobolds
  9 giant frogs
  5 earth elementals
  10 scorpions
  29 killer bees
  3 wights (D:11)
  4 howler monkeys
  An electric eel (Lair:4)
  5 lava snakes
  7 crimson imps
  A hound (shapeshifter) (D:13)
  A quasit (D:11)
  7 draconian simulacra (IceCv)
  4 centaur zombies
  4 hounds
  10 jellies
  24 orc wizards
  12 orc priests
  Crazy Yiuf (D:4)
  7 centaur skeletons
  A gnoll shaman (D:6)
  8 iguanas
  Jessica (D:2)
  2 giant frog skeletons
  3 spriggan simulacra (IceCv)
  15 worker ants
  5 troll simulacra (IceCv)
  17 sheep
  2 wolf simulacra (IceCv)
  A hound skeleton (D:5)
  A worker ant zombie (D:10)
  A howler monkey zombie (D:7)
  Robin (D:2)
  12 gnolls
  2 naga simulacra (IceCv)
  3 ogre simulacra (IceCv)
  14 adders
  58 river rats
  5 shadow imps
  12 white imps (IceCv)
  17 oozes
  An adder skeleton (D:4)
  2 adder zombies
  3 worms
  A dart slug (D:1)
  5 giant geckos
  73 orcs
  2 ball pythons
  8 giant cockroaches
  13 hobgoblins
  12 jackals
  14 kobolds
  4 quokkas
  4 bats
  A giant gecko zombie (D:6)
  4 giant newts
  13 goblins
  A jackal zombie (D:3)
  A kobold skeleton (D:3)
  A kobold zombie (D:3)
  12 rats
  A butterfly (D:10)
  A fire vortex (Volcano)
  13 fungi
  8 plants
1194 creatures vanquished.

Vanquished Creatures (others)
  A dancing weapon (Elf:3)
  A deep elf knight (Elf:2)
  A deep elf archer (Elf:1)
  A basilisk (D:14)
  An orc warrior (Orc:2)
  A centaur (D:14)
  An orc priest (Orc:1)
  4 orcs
  2 bushes
  34 fungi
  24 plants
71 creatures vanquished.

Grand Total: 1265 creatures vanquished

Notes
Turn   | Place    | Note
--------------------------------------------------------------
     0 | D:1      | dearth the Minotaur Fighter began the quest for the Orb.
     0 | D:1      | Reached XP level 1. HP: 19/19 MP: 0/0
   205 | D:1      | Reached XP level 2. HP: 18/27 MP: 1/1
   341 | D:1      | Reached skill level 4 in Fighting
   419 | D:1      | Reached XP level 3. HP: 34/34 MP: 2/2
  1179 | D:2      | Noticed Robin
  1190 | D:2      | Killed Robin
  1190 | D:2      | Reached XP level 4. HP: 41/41 MP: 3/3
  1259 | D:2      | Reached skill level 5 in Fighting
  1345 | D:2      | Noticed Jessica
  1351 | D:2      | Killed Jessica
  1525 | D:3      | Reached XP level 5. HP: 44/48 MP: 4/4
  1620 | D:3      | Found a glowing drain.
  1641 | Sewer    | Entered a sewer
  1648 | Sewer    | Reached skill level 5 in Maces & Flails
  1726 | Sewer    | Reached skill level 6 in Fighting
  1733 | Sewer    | Reached XP level 6. HP: 42/58 MP: 5/5
  2175 | D:3      | Noticed a human
  2176 | D:3      | Found a runed door.
  2190 | D:3      | Found a basalt altar of Yredelemnul.
  2358 | D:3      | Found a shimmering altar of Xom.
  2359 | D:3      | Found an ancient bone altar of Kikubaaqudgha.
  2360 | D:3      | Found a shadowy altar of Dithmenos.
  2360 | D:3      | Found a white marble altar of Elyvilon.
  2360 | D:3      | Found an oddly glowing altar of Pakellas.
  2730 | D:4      | Found a sacrificial altar of Ru.
  2866 | D:4      | Noticed Crazy Yiuf
  2872 | D:4      | Killed Crazy Yiuf
  2872 | D:4      | Reached skill level 7 in Fighting
  3143 | D:4      | Reached XP level 7. HP: 51/66 MP: 6/6
  3599 | D:5      | Entered Level 5 of the Dungeon
  3627 | D:5      | Found a staircase to the Ecumenical Temple.
  3639 | Temple   | Entered the Ecumenical Temple
  3643 | Temple   | Became a worshipper of Warmaster Okawaru
  4007 | D:5      | Reached skill level 8 in Fighting
  4232 | D:5      | Found a shattered altar of Ashenzari.
  4540 | D:6      | Reached * piety under Okawaru
  4540 | D:6      | Reached XP level 8. HP: 66/77 MP: 7/7
  4635 | D:6      | Reached skill level 9 in Fighting
  5036 | D:6      | Found an oddly glowing altar of Pakellas.
  5489 | D:6      | Found a blossoming altar of Fedhas.
  5763 | D:7      | Noticed a hill giant
  5769 | D:7      | Killed a hill giant
  5769 | D:7      | Reached skill level 10 in Fighting
  5769 | D:7      | Reached skill level 10 in Maces & Flails
  5799 | D:7      | Found Jemeegiq's Jewellery Emporium.
  5820 | D:7      | Found Coar's Magic Scroll Shoppe.
  5981 | D:7      | Found Juefuw's Weapon Emporium.
  6229 | D:7      | Reached XP level 9. HP: 83/86 MP: 8/8
  7212 | D:8      | Reached skill level 11 in Fighting
  7285 | D:8      | Reached ** piety under Okawaru
  7336 | D:8      | Noticed an elephant
  7345 | D:8      | Killed an elephant
  7350 | D:8      | Found a staircase to the Lair.
  7400 | D:8      | Identified a -1 rod of clouds (11/11) (You found it on level 8 of the Dungeon)
  7886 | D:8      | Reached skill level 12 in Fighting
  7996 | D:9      | Reached *** piety under Okawaru
  8028 | D:9      | Noticed a six-headed hydra
  8049 | D:9      | Killed a six-headed hydra
  8049 | D:9      | Reached **** piety under Okawaru
  8049 | D:9      | Reached XP level 10. HP: 75/100 MP: 7/9
  8150 | D:9      | Gained mutation: You possess an exceptional clarity of mind. [potion of mutation]
  8150 | D:9      | Gained mutation: You are resistant to hostile enchantments. [potion of mutation]
  8655 | D:9      | Reached skill level 13 in Fighting
  9138 | D:9      | Found a blossoming altar of Fedhas.
  9305 | D:10     | Entered Level 10 of the Dungeon
  9328 | D:10     | Noticed a hill giant
  9341 | D:10     | Killed a hill giant
  9372 | D:10     | Received a gift from Okawaru
  9405 | D:10     | Found a runed door.
  9413 | D:10     | Found a runed door.
  9748 | D:10     | Reached ***** piety under Okawaru
  9748 | D:10     | Reached skill level 14 in Fighting
  9748 | D:10     | Reached XP level 11. HP: 15/110 MP: 10/10
 10088 | D:10     | Noticed a hill giant
 10096 | D:10     | Killed a hill giant
 10257 | D:10     | Found a staircase to the Orcish Mines.
 10511 | D:7      | Bought the amulet of Satisfaction {Reflect Fragile rN+ Int+5 SH+3} for 575 gold pieces
 10811 | D:10     | Reached skill level 1 in Invocations
 11126 | D:10     | Noticed a hill giant
 11147 | D:10     | Killed a hill giant
 11147 | D:10     | Reached skill level 1 in Dodging
 11147 | D:10     | Reached skill level 1 in Evocations
 11516 | D:11     | Noticed a red ugly thing
 11516 | D:11     | Noticed a hill giant
 11527 | D:10     | Killed a hill giant
 11665 | D:11     | Killed a red ugly thing
 11889 | D:11     | Received a gift from Okawaru
 11895 | D:11     | Got a faintly glowing hat {god gift}
 11912 | D:11     | Identified the +0 hat of Grace {Int+3 Stlth+} (Okawaru gifted it to you on level 11 of the Dungeon)
 12025 | D:11     | Noticed a green ugly thing
 12048 | D:11     | Killed a green ugly thing
 12216 | D:11     | Reached skill level 5 in Shields
 12725 | D:11     | Killed an unseen horror
 12935 | D:12     | Noticed a green ugly thing
 12950 | D:12     | Killed a green ugly thing
 12950 | D:12     | Reached skill level 5 in Armour
 12956 | D:12     | Found Azocs's Gadget Shop.
 13005 | D:12     | Noticed Psyche
 13016 | D:12     | Killed Psyche
 13042 | D:12     | Noticed a deep elf mage
 13052 | D:12     | Killed a deep elf mage
 13634 | D:12     | Noticed Erolcha
 13659 | D:12     | Killed Erolcha
 13659 | D:12     | Reached XP level 12. HP: 37/118 MP: 6/13
 14869 | D:13     | Reached skill level 15 in Fighting
 15600 | D:13     | Reached skill level 15 in Maces & Flails
 15603 | D:13     | Received a gift from Okawaru
 15745 | D:13     | Noticed a six-headed hydra
 15753 | D:13     | Killed a six-headed hydra
 15928 | D:13     | Reached skill level 5 in Dodging
 16574 | D:13     | Identified the Papyrus of Feathery Stones
 16767 | D:13     | Reached skill level 5 in Invocations
 16771 | D:13     | Noticed a six-headed hydra
 16786 | D:13     | Killed a six-headed hydra
 16858 | D:13     | Found a gate to the Vaults.
 17128 | D:14     | Noticed a four-headed hydra
 17144 | D:14     | Killed a four-headed hydra
 17144 | D:14     | Reached XP level 13. HP: 110/127 MP: 14/16
 17148 | D:14     | Received a gift from Okawaru
 17808 | D:14     | Found a portal to a secret trove of treasure.
 17979 | D:15     | Entered Level 15 of the Dungeon
 18004 | D:15     | Noticed Roxanne
 18009 | D:15     | Found a labyrinth entrance.
 18011 | D:15     | Noticed Sonja
 18021 | D:15     | Killed Sonja
 18021 | D:15     | Reached skill level 5 in Evocations
 18138 | Lab      | Entered a labyrinth
 18360 | Lab      | Noticed a minotaur
 18368 | Lab      | Killed a minotaur
 18370 | Lab      | Got a vibrating brass ring
 18372 | Lab      | Identified the ring of the Skies Above {Ice +Blink rElec Dex-5 Stlth-} (You took it off a minotaur in a labyrinth)
 18801 | D:15     | Found a staircase to the Depths.
 18801 | D:15     | Noticed a fire giant
 18831 | D:15     | Killed a fire giant
 19322 | D:15     | Received a gift from Okawaru
 19326 | D:15     | Got a polished mace {god gift}
 19327 | D:15     | Identified the +9 mace of Painful Death {drain, +Fly} (Okawaru gifted it to you on level 15 of the Dungeon)
 19573 | D:15     | Reached skill level 16 in Fighting
 19844 | D:15     | Reached XP level 14. HP: 114/137 MP: 18/18
 20054 | D:15     | Killed Roxanne
 20056 | D:15     | Identified Roxanne's Incunabulum of Transmigration (You took it off Roxanne on level 15 of the Dungeon)
 20357 | Lair:1   | Entered Level 1 of the Lair of Beasts
 20764 | Lair:1   | Found an ancient bone altar of Kikubaaqudgha.
 21360 | Lair:2   | Found a frozen archway.
 21394 | Lair:2   | Received a gift from Okawaru
 21397 | Lair:2   | Got a heavily runed buckler {god gift}
 21408 | Lair:2   | Identified the +3 buckler of Starshine {+Fly rF- rN++ Str+2} (Okawaru gifted it to you on level 2 of the Lair of Beasts)
 21412 | IceCv    | Entered an ice cave
 22009 | IceCv    | Found an ancient bone altar of Kikubaaqudgha.
 22907 | Lair:2   | Gained mutation: You are partially covered in icy blue scales (AC +1). [potion of beneficial mutation]
 22908 | Lair:2   | Gained mutation: Your flesh is heat resistant. [potion of beneficial mutation]
 24452 | Lair:3   | Found a hole to the Spider Nest.
 24469 | Lair:3   | Reached skill level 10 in Armour
 24509 | Lair:3   | Reached skill level 10 in Shields
 25040 | Lair:4   | Identified a scroll of acquirement
 25403 | Lair:4   | Found a staircase to the Swamp.
 25421 | Lair:4   | Received a gift from Okawaru
 26780 | Lair:6   | Reached XP level 15. HP: 146/146 MP: 20/20
 27451 | Lair:7   | Reached skill level 17 in Fighting
 28314 | Lair:8   | Entered Level 8 of the Lair of Beasts
 28844 | Lair:8   | Reached ****** piety under Okawaru
 29030 | Lair:8   | Received a gift from Okawaru
 29299 | Lair:8   | Got a faintly humming ring mail
 29303 | Lair:8   | Identified the +0 ring mail of the Kangaroo {Dex+2 Stlth+} (You found it on level 8 of the Lair of Beasts)
 29385 | Lair:8   | Noticed Galewind's ghost (journeyman DECj)
 29406 | Lair:8   | Killed Galewind's ghost
 29827 | Lair:8   | Found a staircase to the Slime Pits.
 30053 | Lair:8   | Got a bloodstained ring mail
 30059 | Lair:8   | Identified the cursed +0 ring mail of the Five Dances {MR+ Int+2} (You found it on level 8 of the Lair of Beasts)
 30883 | Lair:6   | Reached skill level 10 in Dodging
 31527 | Orc:1    | Entered Level 1 of the Orcish Mines
 32243 | Orc:1    | Received a gift from Okawaru
 32444 | Orc:2    | Entered Level 2 of the Orcish Mines
 32519 | Orc:2    | Noticed Josephine
 32539 | Orc:2    | Killed Josephine
 32591 | Orc:2    | Found a dark tunnel.
 32620 | Volcano  | Entered a volcano
 33122 | Volcano  | Found a bloodstained altar of Trog.
 33188 | Volcano  | Reached XP level 16. HP: 144/157 MP: 21/21
 33615 | Orc:2    | Found Ustrez's Weapon Boutique.
 33615 | Orc:2    | Found Biodid's Distillery.
 33683 | Orc:2    | Found Joathemurgh's Armour Emporium.
 33685 | Orc:2    | Found Ytemp's Weapon Shop.
 33692 | Orc:2    | Bought a potion of haste for 150 gold pieces
 33692 | Orc:2    | Bought a potion of curing for 45 gold pieces
 33692 | Orc:2    | Bought a potion of heal wounds for 75 gold pieces
 33692 | Orc:2    | Bought a potion of resistance for 150 gold pieces
 33692 | Orc:2    | Bought a potion of curing for 45 gold pieces
 33692 | Orc:2    | Bought a potion of berserk rage for 75 gold pieces
 33901 | Orc:2    | Found a staircase to the Elven Halls.
 34066 | Elf:1    | Entered Level 1 of the Elven Halls
 34699 | Elf:1    | Reached skill level 18 in Fighting
 36048 | Elf:1    | Found an ancient bone altar of Kikubaaqudgha.
 36080 | Elf:1    | Got a flickering steel ring
 36082 | Elf:1    | Identified the ring of Wyin Wapt {rF+ Slay+3} (You acquired it on level 1 of the Elven Halls)
 36222 | Elf:1    | Received a gift from Okawaru
 37525 | Elf:2    | Found Entomathewk's Jewellery Boutique.
 37620 | Elf:2    | Bought an uncursed ring of positive energy for 300 gold pieces
 37843 | Elf:2    | Found a huge runed gate.
 37843 | Elf:2    | Found a huge runed gate.
 37843 | Elf:2    | Found a huge runed gate.
 37847 | Elf:2    | Found a huge runed gate.
 37848 | Elf:2    | Found a huge runed gate.
 37850 | Elf:2    | Noticed a deep elf blademaster
 37871 | Elf:2    | Killed a deep elf blademaster
 37917 | Elf:2    | Received a gift from Okawaru
 38117 | Elf:2    | Reached XP level 17. HP: 137/166 MP: 23/23
 39514 | Elf:2    | Reached skill level 10 in Evocations
 39831 | Elf:3    | Entered Level 3 of the Elven Halls
 39881 | Elf:3    | Got a transparent scale mail
 39882 | Elf:3    | Identified the +1 scale mail of Impatience {+Blink rPois} (You found it on level 3 of the Elven Halls)
 40099 | Elf:3    | Noticed a Hell Sentinel
 40102 | Elf:3    | Noticed a Brimstone Fiend
 40103 | Elf:3    | Noticed a Brimstone Fiend
 41249 | Elf:3    | Received a gift from Okawaru
 41541 | Elf:3    | Reached skill level 19 in Fighting
 41552 | Elf:3    | Got a brightly glowing great mace {god gift}
 41553 | Elf:3    | Identified the +11 great mace of the Extremes {venom, rF+ MP-9 Str+3} (Okawaru gifted it to you on level 3 of the Elven Halls)
 41735 | Elf:3    | Noticed a deep elf blademaster
 41747 | Elf:3    | Killed a deep elf blademaster
 42010 | Elf:3    | Received a gift from Okawaru
 42014 | Elf:3    | Reached XP level 18. HP: 50/176 MP: 17/24
 42077 | Elf:3    | HP: 3/176 [deep elf blademaster/short sword (15)]
 42082 | Elf:3    | HP: 2/176 [deep elf blademaster/short sword (14)]
 42083 | Elf:3    | Mangled by a deep elf blademaster

Skill      XL: |  1  2  3  4  5  6  7  8  9 10 11 12 13 14 15 16 17 |
---------------+----------------------------------------------------+-----
Maces & Flails | 3 4 5 6 8 10 12 14 15 16 | 16.7
Fighting       | 4 5 6 7 8 10 12 14 15 16 17 18 19 | 19.1
Invocations    | 3 5 6 8 |  8.0
Shields        | 5 7 9 10 11 13 14 | 14.5
Armour         | 5 7 9 10 12 13 14 | 14.9
Dodging        | 3 5 7 9 10 11 13 | 13.1
Evocations     | 2 4 5 7 8 9 10 | 10.7

Action                   |  1- 3 |  4- 6 |  7- 9 | 10-12 | 13-15 | 16-18 || total
-------------------------+-------+-------+-------+-------+-------+-------++-------
Melee: Flail             |    89 |   200 |   308 |   755 |       |       ||  1352
       Headbutt          |    15 |    34 |    66 |   189 |   499 |   204 ||  1007
       Morningstar       |       |       |       |    28 |   237 |       ||   265
       Mace              |       |       |       |       |  1648 |   564 ||  2212
       Eveningstar       |       |       |       |       |       |   340 ||   340
Throw: Tomahawk          |       |       |       |     5 |       |       ||     5
Invok: Heroism           |       |       |     3 |    18 |     7 |     8 ||    36
       Finesse           |       |       |       |     2 |     5 |     1 ||     8
Evoke: Wand              |       |       |     2 |     3 |    22 |    16 ||    43
  Use: Scroll            |       |       |    14 |     5 |    23 |    16 ||    58
       Potion            |       |       |     3 |     7 |     6 |     5 ||    21
 Stab: Sleeping          |       |       |       |       |     3 |       ||     3
       Distracted        |       |       |       |       |     1 |       ||     1
  Eat: Chunk             |     1 |     7 |    13 |    21 |    29 |    15 ||    86
       Fruit             |       |       |     2 |    14 |    21 |    18 ||    55
       Pizza             |       |       |       |     1 |     4 |       ||     5
       Royal jelly       |       |       |       |       |     1 |       ||     1
Armor: Scale mail        |    30 |    66 |    81 |   167 |   471 |   240 ||  1055
Dodge: Dodged            |    26 |    54 |   106 |   261 |   984 |   409 ||  1840
Block: Shield            |    39 |   110 |   130 |   469 |    65 |       ||   813
       Reflection        |       |       |       |     7 |    21 |    81 ||   109
       Buckler           |       |       |       |       |   897 |   450 ||  1347
